 Dungeon Crawl Stone Soup version 0.22-a0-769-g178e55541d (webtiles) character file.

304728 Htamos the Human Blade (level 22, -12/147 HPs)
             Began as a Human Gladiator on July 17, 2018.
             Was the Champion of Okawaru.
             Mangled by an acid blob (26 damage)
             ... created by the Royal Jelly
             ... on level 5 of the Pits of Slime on July 18, 2018.
             The game lasted 02:41:44 (54913 turns).

Htamos the Human Blade (Human Gladiator)           Turns: 54913, Time: 02:41:45

Health: -12/147    AC: 29    Str: 28      XL:     22   Next: 4%
Magic:  22/22      EV: 16    Int:  5 (6)  God:    Okawaru [******]
Gold:   1137       SH:  0    Dex: 26      Spells: 20/21 levels left

rFire    + . .     SeeInvis .   I - +7 triple sword (freeze)
rCold    . . .     Gourm    .   (shield currently unavailable)
rNeg     . . .     Faith    +   S - +11 crystal plate armour of Fortitude {rF+ Str+3}
rPois    +         Spirit   .   U - +2 hat {MR+}
rElec    .         Reflect  .   a - +2 cloak {rPois}
rCorr    +         Harm     .   D - +2 pair of gloves of Intercession {Int+3}
MR       +++..                  w - +2 pair of boots {run}
Stlth    ..........             e - amulet of faith
HPRegen  0.34/turn              K - ring of protection from magic
MPRegen  0.18/turn              s - ring "Tyculonnusch" {rCorr Int-3 Dex+6}

@: mighty, corroded, slightly contaminated, quick
A: horns 1, thin skeletal structure 1, deterioration 2, dopey 2, frail 2, poison
resistance, wild magic 1, no potion heal 1
}: 2/15 runes: decaying, serpentine
a: Heroism, Finesse, Renounce Religion


You were on level 5 of the Pits of Slime.
You worshipped Okawaru.
Okawaru was exalted by your worship.
You were not hungry.

You visited 6 branches of the dungeon, and saw 36 of its levels.
You also visited: Labyrinth, Bailey and Ice Cave.

You collected 4444 gold pieces.
You spent 3307 gold pieces at shops.

Inventory:

Hand Weapons
 b - a +2 antimagic great sword
 d - the +1 triple sword of Yntioj {slice, SInv}
   (Okawaru gifted it to you on level 3 of the Snake Pit)

   It inflicts extra damage upon your enemies.
   It lets you see invisible.
 j - the +7 great sword "Suirum" {vamp, *Contam rElec MR+++ Dex+2}
   (Okawaru gifted it to you on level 1 of the Swamp)

   It inflicts no extra harm, but heals its wielder when it wounds a living foe.
   It affects your dexterity (+2).
   It insulates you from electricity.
   It affects your resistance to hostile enchantments.
   It causes magical contamination when unequipped.
 o - a +3 scimitar of holy wrath
 I - a +7 triple sword of freezing (weapon)
 J - the +8 falchion "Cyraoril" {slice, rPois rN+}
   (Okawaru gifted it to you on level 2 of the Lair of Beasts)

   It inflicts extra damage upon your enemies.
   It protects you from poison.
   It protects you from negative energy.
 Q - a +2 great sword of flaming
 V - a +0 hunting sling of freezing
Armour
 a - a +2 cloak of poison resistance (worn)
 w - a +2 pair of boots of running (worn)
 z - the +3 hat of Pondering {ponderous, MR+ MP+10 Int+5}
   (You took it off Gastronok on level 12 of the Dungeon)

   It affects your intelligence (+5).
   It affects your resistance to hostile enchantments.
   It affects your magic capacity (+10).
 A - the cursed +0 pair of boots of Tefeni {rCorr MP+9 Int+3}
   (You found it on level 3 of the Swamp)

   It affects your intelligence (+3).
   It affects your magic capacity (+9).
   It provides partial protection from all sources of acid and corrosion.
   It has a curse placed upon it.
 D - the +2 pair of gloves of Intercession (worn) {Int+3}
   (You found it on level 1 of the Snake Pit)

   It affects your intelligence (+3).
 H - a scarf of resistance
 S - the +11 crystal plate armour of Fortitude (worn) {rF+ Str+3}
   (You bought it in a shop on level 6 of the Dungeon)

   It affects your strength (+3).
   It protects you from fire.
 U - a +2 hat of magic resistance (worn)
Jewellery
 e - an amulet of faith (around neck)
 q - an uncursed ring of flight
 r - the ring of the Evening {Str+4 SInv}
   (You found it on level 12 of the Dungeon)

   [ring of see invisible]

   It affects your strength (+4).
   It lets you see invisible.
 s - the ring "Tyculonnusch" (right hand) {rCorr Int-3 Dex+6}
   (You took it off a vampire on level 12 of the Dungeon)

   [ring of resist corrosion]

   It affects your intelligence (-3).
   It affects your dexterity (+6).
 x - an uncursed ring of positive energy
 G - the amulet "Adghaon" {Reflect Int+4 SH+4}
   (You found it on level 12 of the Dungeon)

   [amulet of reflection]

   It shields you and reflects attacks.
   It affects your intelligence (+4).
   It affects your SH (+4).
 K - a ring of protection from magic (left hand)
 M - an uncursed ring of positive energy
Wands
 g - a wand of scattershot (4)
 u - a wand of acid (36)
 E - a wand of paralysis (69)
 F - a wand of digging (44)
 Y - a wand of iceblast (21)
Scrolls
 c - 5 scrolls of magic mapping
 h - 3 scrolls of teleportation
 i - 10 scrolls of identify
 m - 4 scrolls of immolation
 p - 20 scrolls of remove curse
 y - 7 scrolls of amnesia
 C - a scroll of silence
 N - 3 scrolls of enchant armour
 O - 5 scrolls of fog
 Z - 2 scrolls of noise
Potions
 k - 8 potions of curing
 l - 7 potions of brilliance
 t - a potion of agility
 v - a potion of resistance
 L - a potion of magic
 P - 4 potions of cancellation
 R - a potion of haste
Comestibles
 f - 22 rations


   Skills:
 + Level 18.0 Fighting
 * Level 23.4 Long Blades
 - Level 2.0 Throwing
 + Level 12.7 Armour
 + Level 13.1 Dodging
 - Level 9.7 Charms


You had 20 spell levels left.
You knew the following spells:

 Your Spells              Type           Power        Failure   Level  Hunger
a - Infusion              Chrm           ##..         30%         1    ##.....

Your spell library contained the following spells:

 Spells                   Type           Power        Failure   Level  Hunger
 Fireball                 Conj/Fire      #.........   100%        5    ######.
 Apportation              Tloc           #.....       100%        1    ##.....
 Conjure Flame            Conj/Fire      #.......     100%        3    ####...
 Bolt of Cold             Conj/Ice       #.........   100%        6    #######
 Confuse                  Hex            #.......     100%        3    ####...
 Throw Flame              Conj/Fire      #.....       100%        2    ###....
 Throw Frost              Conj/Ice       #.....       100%        2    ###....
 Freezing Cloud           Conj/Ice/Air   #.........   100%        6    #######
 Mephitic Cloud           Conj/Pois/Air  #.......     100%        3    ####...
 Summon Small Mammal      Summ           #...         100%        1    ##.....
 Lehudib's Crystal Spear  Conj/Erth      #.........   100%        8    #######
 Fire Storm               Conj/Fire      #.........   100%        9    #######
 Animate Dead             Necr           N/A          100%        4    #####..
 Animate Skeleton         Necr           N/A          100%        1    ##.....
 Freeze                   Ice            #...         100%        1    ##.....
 Ozocubu's Refrigeration  Ice            #.........   100%        6    #######
 Sticky Flame             Conj/Fire      #.......     100%        4    #####..
 Summon Ice Beast         Ice/Summ       #.......     100%        4    #####..
 Ozocubu's Armour         Chrm/Ice       #.......     99%         3    ####...
 Call Imp                 Summ           #.......     100%        2    ###....
 Poison Arrow             Conj/Pois      #.........   100%        6    #######
 Regeneration             Chrm/Necr      #.........   99%         3    ####...
 Tukima's Dance           Hex            #.......     100%        3    ####...
 Recall                   Summ/Tloc      N/A          100%        3    ####...
 Spider Form              Tmut/Pois      #.........   100%        3    ####...
 Blade Hands              Tmut           #.........   100%        5    ######.
 Statue Form              Tmut/Erth      #........    100%        6    #######
 Ice Form                 Ice/Tmut       #.......     100%        4    #####..
 Dragon Form              Tmut           #.........   100%        7    #######
 Death Channel            Necr           #.........   100%        6    #######
 Deflect Missiles         Chrm/Air       #.........   100%        6    #######
 Throw Icicle             Conj/Ice       #.......     100%        4    #####..
 Glaciate                 Conj/Ice       #.........   100%        9    #######
 Confusing Touch          Hex            #.....       100%        1    ##.....
 Flame Tongue             Conj/Fire      #....        100%        1    ##.....
 Ignite Poison            Fire/Tmut/Pois #.......     100%        3    ####...
 Sticks to Snakes         Tmut           #.......     100%        2    ###....
 Call Canine Familiar     Summ           #.......     100%        3    ####...
 Ensorcelled Hibernation  Hex/Ice        #.....       100%        2    ###....
 Metabolic Englaciation   Hex/Ice        #.........   100%        5    ######.
 Summon Butterflies       Summ           #.......     100%        1    ##.....
 Silence                  Hex/Air        #.........   100%        5    ######.
 Corona                   Hex            #......      100%        1    ##.....
 Simulacrum               Ice/Necr       #.........   100%        6    #######
 Conjure Ball Lightning   Conj/Air       #.........   100%        6    #######
 Chain Lightning          Conj/Air       #.........   100%        8    #######
 Orb of Destruction       Conj           #.........   100%        7    #######
 Tornado                  Air            #.........   100%        9    #######
 Summon Hydra             Summ           #.........   100%        7    #######
 Shroud of Golubria       Chrm/Tloc      #.........   97%         2    ###....
 Inner Flame              Hex/Fire       #.......     100%        3    ####...
 Beastly Appendage        Tmut           #.....       100%        1    ##.....
 Dazzling Spray           Conj/Hex       #.....       100%        3    ####...
 Song of Slaying          Chrm           ##......     43%         2    ###....
 Spectral Weapon          Hex/Chrm       #.......     99%         3    ####...
 Summon Lightning Spire   Summ/Air       #.......     100%        4    #####..
 Summon Guardian Golem    Hex/Summ       #.......     100%        3    ####...
 Summon Mana Viper        Hex/Summ       #.......     100%        5    ######.
 Hydra Form               Tmut           #.........   100%        6    #######
 Irradiate                Conj/Tmut      #.........   100%        5    ######.
 Borgnjor's Vile Clutch   Necr/Erth      #.........   100%        5    ######.


Dungeon Overview and Level Annotations

Branches:
Dungeon (15/15)            Temple (0/1) D:7            Lair (6/6) D:9
  Swamp (4/4) Lair:2        Snake (4/4) Lair:3        Slime (5/5) Lair:6
    Orc (2/2) D:10            Elf (0/3) Orc:2        Vaults (0/5) D:14
 Depths (0/5) D:15

Altars:
Dithmenos
Elyvilon
Gozag
Kikubaaqudgha
Makhleb
Nemelex Xobeh
Okawaru
Qazlal
Ru
Sif Muna
Trog
Vehumet
Wu Jian
Xom
Yredelemnul
Jiyva

Shops:
D:6 *([:   D:11 }   D:14 !   Orc:2 *[=(

Annotations:
D:4 2 runed doors, Goblin1989's ghost, amateur DEFE
D:14 2 transporters, exclusion: downstairs, Nyit's ghost, journeyman MiFi
D:15 exclusion: Roxanne, Roxanne
Slime:5 Royal Jelly


Innate Abilities, Weirdness & Mutations

You have a pair of small horns on your head.
You have a somewhat thin skeletal structure. (Dex +2, Stealth)
Your body often deteriorates upon taking damage.
You are very dopey. (Int -4)
You are very frail. (-20% HP)
Your system is resistant to poisons. (rPois)
Your spells are a little harder to cast, but a little more powerful.
Potions are less effective at restoring your health.


Message History

The acid blob is heavily wounded.
Unknown command.
You slash the acid blob! You freeze the acid blob.
Your hands burn!
* * * LOW HITPOINT WARNING * * *
The acid blob is severely wounded.
The acid blob hits you!
* * * LOW HITPOINT WARNING * * *
The acid corrodes you!
You are splashed with acid!
The acid burns!
You resist.
* * * LOW HITPOINT WARNING * * *
Your system partially rejects the healing.
You feel better. The acid blob spits acid at you. The splash of acid hits you!
You are splashed with acid!
The acid burns!
You resist.
* * * LOW HITPOINT WARNING * * *
Okay, then.
Okay, then.
You feel very mighty all of a sudden. The acid blob hits you!!
You die...

.............................
.............................
.#............................
#.............................
##....................##...#..
#.....................####.###
###....................## #.. #
##....................### ##. !
#..............J@.....# }##..##
#....................## [!#.##[
#....................# $##..##
#...................# $:#)##.#:
#...................########..##
#.....................#...#.._.#
#...................#...#.......
#...................########..##
###.................###$(#}##.#}


You could see an acid blob.

Vanquished Creatures
  Bai Suzhen (Snake:4)
  Jorgrun (Snake:2)
  A tentacled monstrosity (Swamp:1)
  17 acid blobs
  Gastronok (D:12)
  Frances (Snake:2)
  Kirke (D:15)
  3 thorn hunters
  15 azure jellies
  11 nagarajas
  A fire giant (D:15)
  Aizul (Snake:2)
  2 orc warlords
  A very ugly thing (D:12)
  A reaper (IceCv)
  A dire elephant (Lair:2)
  A minotaur (Lab)
  A fire dragon (Lair:6)
  4 death oozes
  Josephine (Orc:1)
  Snorg (D:12)
  5 great orbs of eyes
  10 naga warriors
  A rakshasa (D:12)
  A vault guard (D:14)
  Fannar (Lair:3)
  An ice dragon (D:12)
  4 catoblepae
  3 ghost crabs (Swamp:2)
  3 centaur warriors
  12 anacondas
  24 hydras
  13 two-headed ogres
  An ogre mage (D:15)
  Erica (D:11)
  11 alligators
  18 death yaks
  4 shock serpents
  2 tengu warriors (D:12)
  7 naga sharpshooters
  An orc high priest (Orc:2)
  Nergalle (D:12)
  2 salamander mystics (Snake:3)
  A fire crab (Lair:6)
  2 spriggan druids
  8 sea snakes (Snake:4)
  4 skeletal warriors (D:13)
  5 unseen horrors
  10 swamp dragons
  3 shambling mangroves (Swamp:3)
  4 naga ritualists
  Pikel (D:8)
  3 necromancers (D:14)
  A wolf spider (D:12)
  5 orc knights
  A harpy (D:12)
  5 cyclopes
  7 ugly things
  7 shining eyes
  3 deep elf magi
  3 orc sorcerers (Orc:2)
  9 mana vipers
  2 manticores (Lair:6)
  6 salamanders
  8 guardian serpents
  A torpor snail (Lair:4)
  41 elephants
  23 black mambas
  2 ice statues (IceCv)
  16 naga magi
  A gargoyle (D:11)
  5 eyes of devastation
  11 spiny frogs
  7 centaur skeletons
  18 rime drakes
  2 kobold demonologists
  A yaktaur (D:12)
  7 komodo dragons
  10 ice devils (IceCv)
  An efreet (D:12)
  A freezing wraith (D:12)
  2 meliai (D:15)
  A tengu conjurer (D:12)
  A queen bee (D:9)
  A queen bee (shapeshifter) (D:13)
  15 trolls
  A polar bear (Lair:6)
  9 tyrant leeches
  10 hornets
  13 blink frogs
  141 slime creatures
  10 hippogriffs
  5 bog bodies
  11 dream sheep (Lair:6)
  Sigmund (D:5)
  9 spriggans
  A vampire (D:12)
  3 shadows
  A tarantella (shapeshifter) (D:13)
  4 wyverns
  10 wraiths
  44 yaks
  A hog (D:15)
  3 basilisks
  12 golden eyes
  10 steam dragons
  2 hungry ghosts
  21 humans (D:14)
  11 swamp worms
  32 vampire mosquitoes
  45 nagas
  4 wargs
  An acid dragon (D:12)
  8 insubstantial wisps
  11 porcupines
  2 slaves (D:8)
  15 water moccasins
  2 hornet zombies
  38 orc warriors
  3 black bears
  6 ice beasts
  2 sky beasts
  9 swamp drakes
  2 eyes of draining (shapeshifter)
  8 eyes of draining
  3 necrophages
  17 ogres
  5 phantoms
  20 wolves
  3 boggarts (D:14)
  10 centaurs
  10 crocodiles
  7 big kobolds
  18 bullfrogs
  6 gnoll sergeants (D:10)
  A wyvern zombie (D:15)
  An elf zombie (D:9)
  A water moccasin zombie (D:10)
  A water moccasin skeleton (D:8)
  2 troll zombies (D:9)
  3 wyvern skeletons
  2 scorpions (D:6)
  18 killer bees
  16 wights
  7 crimson imps
  A bullfrog zombie (D:13)
  3 centaur zombies
  4 lava snakes (Lab)
  2 bullfrog skeletons
  8 hounds
  3 human zombies (D:9)
  16 orc priests
  7 jellies
  21 orc wizards
  A human skeleton (D:9)
  4 iguanas
  9 worker ants
  2 hound skeletons
  A mummy (D:9)
  A howler monkey zombie (D:7)
  2 worker ant zombies
  2 gnolls (D:10)
  A howler monkey skeleton (D:8)
  11 adders
  5 shadow imps
  20 white imps
  An ooze (D:5)
  5 ufetubi (IceCv)
  An adder skeleton (D:6)
  An adder zombie (D:8)
  3 worms
  4 dart slugs
  5 leopard geckos
  101 orcs
  A ball python (D:3)
  4 giant cockroaches
  9 goblins
  5 hobgoblins
  17 jackals
  2 quokkas (D:2)
  11 bats
  11 frilled lizards
  A jackal skeleton (D:5)
  18 kobolds
  A leopard gecko skeleton (D:4)
  A leopard gecko zombie (D:5)
  An orc zombie (D:9)
  11 rats
  2 briar patches (Swamp:2)
  A bush (Lair:6)
  2 fungi
  A plant (Lair:6)
1474 creatures vanquished.

Vanquished Creatures (collateral kills)
  An acid blob (Lair:6)
  A meliai (D:15)
2 creatures vanquished.

Vanquished Creatures (others)
  A nagaraja (Snake:4)
  An alligator (Swamp:2)
  4 humans (D:15)
  A basilisk (D:12)
  2 nagas
  2 insubstantial wisps (Swamp:2)
  3 swamp drakes (Swamp:2)
  An orc warrior (Bailey)
  A bullfrog (D:13)
  An orc wizard (D:10)
  3 white imps (IceCv)
  4 ufetubi (IceCv)
  A bush (Lair:6)
  30 fungi
  24 plants
79 creatures vanquished.

Grand Total: 1555 creatures vanquished

Notes
Turn   | Place    | Note
-------+----------+-------------------------------------------
     0 | D:1      | Htamos the Human Gladiator began the quest for the Orb.
     0 | D:1      | Reached XP level 1. HP: 16/16 MP: 1/1
   117 | D:1      | Reached XP level 2. HP: 22/22 MP: 2/2
   491 | D:1      | Reached XP level 3. HP: 26/28 MP: 3/3
  1096 | D:2      | Reached skill level 4 in Long Blades
  1169 | D:2      | Reached XP level 4. HP: 34/34 MP: 4/4
  1201 | D:2      | Found an opulent altar of Gozag.
  1601 | D:2      | Found a bloodstained altar of Trog.
  1603 | D:2      | Found an iron altar of Okawaru.
  1794 | D:2      | Became a worshipper of Warmaster Okawaru
  2242 | D:2      | Found a deep blue altar of Sif Muna.
  2243 | D:2      | Found an ancient bone altar of Kikubaaqudgha.
  2243 | D:2      | Found a radiant altar of Vehumet.
  2261 | D:2      | Identified Sif Muna's Incunabulum of Transmigration
  2514 | D:3      | Reached XP level 5. HP: 40/41 MP: 5/5
  2557 | D:3      | Reached skill level 5 in Long Blades
  2990 | D:3      | Found a shimmering altar of Xom.
  3608 | D:4      | Reached XP level 6. HP: 47/47 MP: 6/6
  3643 | D:4      | Found a sacrificial altar of Ru.
  3723 | D:4      | Found a large runed door.
  3723 | D:4      | Found a large runed door.
  3729 | D:4      | Noticed Goblin1989's ghost (amateur DEFE)
  3865 | D:4      | Found a white marble altar of Elyvilon.
  3982 | D:5      | Entered Level 5 of the Dungeon
  3982 | D:5      | Noticed a phantom
  4001 | D:5      | Noticed an ice beast
  4008 | D:5      | Reached * piety under Okawaru
  4028 | D:5      | Killed an ice beast
  4028 | D:5      | Reached skill level 6 in Long Blades
  4081 | D:5      | Found a sparkling altar of Nemelex Xobeh.
  4096 | D:5      | Noticed a phantom
  4115 | D:5      | Reached XP level 7. HP: 54/54 MP: 7/7
  4369 | D:5      | Reached skill level 7 in Long Blades
  4427 | D:5      | Reached ** piety under Okawaru
  4476 | D:5      | Reached skill level 5 in Fighting
  4476 | D:5      | Reached XP level 8. HP: 52/62 MP: 8/8
  4695 | D:5      | Reached skill level 8 in Long Blades
  4829 | D:5      | Found a shadowy altar of Dithmenos.
  4830 | D:5      | Found a burning altar of Makhleb.
  4919 | D:6      | Found Cyptu's Assorted Antiques.
  5391 | D:6      | Found Giupyoca's Book Boutique.
  5493 | D:6      | Found Fecoul's Weapon Emporium.
  5514 | D:6      | Noticed Sigmund
  5537 | D:6      | Found Nanomatu's Gadget Shop.
  5713 | D:5      | Killed Sigmund
  5713 | D:5      | Reached skill level 9 in Long Blades
  5744 | D:6      | Reached XP level 9. HP: 68/71 MP: 9/9
  5758 | D:6      | Reached *** piety under Okawaru
  5910 | D:6      | Found a sparkling altar of Nemelex Xobeh.
  6132 | D:6      | Found Tuew's Antique Armour Emporium.
  6138 | D:6      | Bought a pair of glowing gloves for 232 gold pieces
  6247 | D:7      | Found a staircase to the Ecumenical Temple.
  6265 | D:7      | Reached skill level 10 in Long Blades
  6949 | D:8      | Noticed Pikel
  6964 | D:8      | Killed Pikel
  6964 | D:8      | Reached **** piety under Okawaru
  6964 | D:8      | Reached skill level 11 in Long Blades
  6964 | D:8      | Reached XP level 10. HP: 75/80 MP: 10/10
  7052 | D:8      | Received a gift from Okawaru
  7178 | D:8      | Paralysed by a hornet for 2 turns
  7284 | D:8      | Found an ornate altar of the Wu Jian Council.
  7564 | D:9      | Found a staircase to the Lair.
  7706 | D:9      | Noticed a two-headed ogre
  7861 | D:9      | Reached skill level 12 in Long Blades
  8016 | D:9      | Reached skill level 1 in Armour
  8023 | D:9      | Found a basalt altar of Yredelemnul.
  8032 | D:9      | Reached ***** piety under Okawaru
  8174 | D:9      | Killed a two-headed ogre
  8174 | D:9      | Reached XP level 11. HP: 48/89 MP: 11/11
  8299 | D:10     | Entered Level 10 of the Dungeon
  8372 | D:9      | Received a gift from Okawaru
  9196 | D:10     | Reached skill level 13 in Long Blades
  9639 | D:10     | Reached skill level 5 in Dodging
  9729 | D:10     | Found a staircase to the Orcish Mines.
 10005 | D:11     | Noticed a purple ugly thing
 10009 | D:11     | Killed a purple ugly thing
 10009 | D:11     | Received a gift from Okawaru
 10162 | D:11     | Noticed a five-headed hydra
 10190 | D:11     | Killed a five-headed hydra
 10264 | D:11     | Reached XP level 12. HP: 72/97 MP: 12/12
 10337 | D:11     | Reached skill level 10 in Fighting
 10403 | D:10     | Gained mutation: Your mind is acute. (Int +2) [a neqoxec]
 10680 | D:11     | Reached skill level 5 in Armour
 10694 | D:11     | Found a shadowy altar of Dithmenos.
 10839 | D:11     | Noticed a two-headed ogre
 10848 | D:11     | Killed a two-headed ogre
 10852 | D:11     | Found Roqenugge's Gadget Shoppe.
 10894 | D:11     | Noticed Erica
 10977 | D:11     | Killed Erica
 10977 | D:11     | Reached skill level 14 in Long Blades
 11422 | D:12     | Noticed Snorg
 11437 | D:12     | Killed Snorg
 11536 | D:12     | Noticed a two-headed ogre
 11546 | D:12     | Killed a two-headed ogre
 11546 | D:12     | Received a gift from Okawaru
 11905 | D:12     | Noticed Nergalle
 11921 | D:12     | Killed Nergalle
 12235 | D:12     | Reached XP level 13. HP: 70/106 MP: 13/13
 12554 | D:12     | Noticed a rakshasa
 12555 | D:12     | Noticed a five-headed hydra
 12575 | D:12     | Killed a two-headed hydra
 12937 | D:12     | Killed a rakshasa
 13193 | D:12     | Noticed an ice dragon
 13250 | D:12     | Found a runed door.
 13283 | D:12     | Killed an ice dragon
 13283 | D:12     | Reached skill level 15 in Long Blades
 13303 | D:12     | Got a flickering ivory amulet
 13307 | D:12     | Identified the amulet "Adghaon" {Reflect Int+4 SH+4} (You found it on level 12 of the Dungeon)
 13330 | D:12     | Reached ****** piety under Okawaru
 13346 | D:12     | Noticed a purple very ugly thing
 13360 | D:12     | Killed a purple very ugly thing
 13360 | D:12     | Received a gift from Okawaru
 13689 | D:12     | Got a fine bronze ring
 13884 | D:12     | Got a sparkling jade ring
 14106 | D:12     | Received a gift from Okawaru
 14501 | D:12     | Noticed Gastronok
 14511 | D:12     | Killed Gastronok
 14511 | D:12     | Reached skill level 16 in Long Blades
 14511 | D:12     | Reached XP level 14. HP: 106/116 MP: 6/14
 15088 | D:13     | Found a labyrinth entrance.
 15096 | Lab      | Entered a labyrinth
 15475 | Lab      | Identified the ring "Tyculonnusch" {rCorr Int-3 Dex+6} (You took it off a vampire on level 12 of the Dungeon)
 15476 | Lab      | Identified the ring of the Evening {Str+4 SInv} (You found it on level 12 of the Dungeon)
 16040 | Lab      | Found an exit through the horrors of the Abyss.
 16208 | Lab      | Noticed a minotaur
 16212 | Lab      | Killed a minotaur
 16219 | Lab      | Got a spiked scale mail
 16223 | Lab      | Got an encrusted eveningstar
 16230 | D:13     | Identified the cursed +1 eveningstar of Premature Burial {flame, Fragile rC+ Str+4 Dex+5} (You found it in a labyrinth)
 16231 | D:13     | Identified the cursed +0 scale mail of Lugonu's Reproof {SInv} (You found it in a labyrinth)
 16618 | D:13     | Received a gift from Okawaru
 16676 | D:13     | Reached skill level 17 in Long Blades
 17298 | D:14     | Found Ygos's Distillery.
 17579 | D:14     | Noticed Nyit's ghost (journeyman MiFi)
 17596 | D:14     | Received a gift from Okawaru
 17884 | D:14     | Found a transporter.
 18407 | D:14     | Found a gate to the Vaults.
 18436 | D:14     | Reached XP level 15. HP: 117/124 MP: 8/15
 18831 | D:14     | Found a transporter.
 18871 | D:15     | Entered Level 15 of the Dungeon
 18871 | D:15     | Noticed Roxanne
 19200 | D:14     | Reached skill level 18 in Long Blades
 19224 | D:15     | Received a gift from Okawaru
 19640 | D:15     | Noticed Kirke
 19648 | D:15     | Killed Kirke
 19677 | D:15     | Noticed a fire giant
 20392 | D:15     | Found a staircase to the Depths.
 20399 | D:15     | Killed a fire giant
 21104 | Orc:1    | Entered Level 1 of the Orcish Mines
 21104 | Orc:1    | Found a flagged portal.
 21104 | Orc:1    | Noticed Josephine
 21292 | Orc:1    | Killed Josephine
 21292 | Orc:1    | Received a gift from Okawaru
 21319 | Bailey   | Entered a bailey
 22129 | Orc:2    | Entered Level 2 of the Orcish Mines
 22129 | Orc:2    | Found Terum's Antique Weapon Emporium.
 22577 | Orc:2    | Found Ymoetyv's Jewellery Shoppe.
 22857 | Orc:2    | Reached skill level 19 in Long Blades
 23117 | Orc:2    | Noticed an orc warlord
 23266 | Orc:2    | Found Dagawku's Antique Armour Shop.
 23327 | Orc:2    | Reached XP level 16. HP: 119/134 MP: 16/16
 23550 | Orc:2    | Found a staircase to the Elven Halls.
 23646 | Orc:2    | Found Efoul's General Store.
 24417 | D:6      | Bought a transparent crystal plate armour for 2635 gold pieces
 24427 | D:6      | Identified the +11 crystal plate armour of Fortitude {rF+ Str+3} (You bought it in a shop on level 6 of the Dungeon)
 24526 | Lair:1   | Entered Level 1 of the Lair of Beasts
 24825 | Lair:1   | Got a scorched great sword
 24827 | Lair:1   | Identified the +5 great sword of Distant Worlds {vamp, Int+3} (You found it on level 1 of the Lair of Beasts)
 24930 | Lair:1   | Found a frozen archway.
 24941 | IceCv    | Entered an ice cave
 25044 | IceCv    | Received a gift from Okawaru
 25346 | IceCv    | Reached skill level 15 in Fighting
 25624 | IceCv    | Got a jewelled long sword
 25626 | IceCv    | Identified the +1 long sword of Guile {freeze, rC+ Str+2} (You found it in an ice cave)
 26714 | Lair:2   | Found a staircase to the Swamp.
 27356 | Lair:2   | Received a gift from Okawaru
 27357 | Lair:2   | Got an iridescent falchion {god gift}
 27359 | Lair:2   | Identified the +8 falchion "Cyraoril" {slice, rPois rN+} (Okawaru gifted it to you on level 2 of the Lair of Beasts)
 27372 | Lair:2   | Learned a level 1 spell: Infusion
 27574 | Lair:2   | Found a stormy altar of Qazlal.
 27895 | Lair:3   | Reached skill level 20 in Long Blades
 28039 | Lair:3   | Found a staircase to the Snake Pit.
 28096 | Lair:3   | Reached skill level 1 in Charms
 28480 | Lair:3   | Noticed Fannar
 28491 | Lair:3   | Killed Fannar
 30148 | Lair:4   | Received a gift from Okawaru
 30314 | Lair:5   | Reached XP level 17. HP: 142/142 MP: 17/17
 30730 | Lair:5   | Found the +3 robe of Folly {Archmagi, MR-- Int+5}
 31336 | Lair:6   | Entered Level 6 of the Lair of Beasts
 32800 | Lair:6   | Received a gift from Okawaru
 32807 | Lair:6   | Got a scorched great sword {god gift}
 32809 | Lair:6   | Identified the +1 great sword "Zaolyer" {pain, rPois MR+ Int+3} (Okawaru gifted it to you on level 6 of the Lair of Beasts)
 33484 | Lair:6   | Reached skill level 5 in Charms
 33705 | Lair:6   | Reached XP level 18. HP: 67/151 MP: 18/18
 34002 | Lair:6   | Identified the Almanac of Fire and Conjuration
 34144 | Lair:6   | Found a staircase to the Slime Pits.
 34655 | Orc:1    | Identified a +0 pair of boots of running (Okawaru gifted it to you on level 1 of the Orcish Mines)
 35002 | Swamp:1  | Entered Level 1 of the Swamp
 35302 | Swamp:1  | Received a gift from Okawaru
 35309 | Swamp:1  | Got a polished great sword {god gift}
 35312 | Swamp:1  | Identified the +7 great sword "Suirum" {vamp, *Contam rElec MR+++ Dex+2} (Okawaru gifted it to you on level 1 of the Swamp)
 35347 | Swamp:1  | Lost mutation: Your mind is acute. (Int +2) [mutagenic glow]
 35401 | Swamp:1  | Noticed a tentacled monstrosity
 35412 | Swamp:1  | Killed a tentacled monstrosity
 35444 | Swamp:1  | Reached skill level 21 in Long Blades
 37101 | Swamp:2  | Received a gift from Okawaru
 37101 | Swamp:2  | Reached skill level 10 in Dodging
 38932 | Swamp:3  | Got a pair of distressingly furry boots
 38934 | Swamp:3  | Identified the cursed +0 pair of boots of Tefeni {rCorr MP+9 Int+3} (You found it on level 3 of the Swamp)
 38962 | Swamp:4  | Entered Level 4 of the Swamp
 39160 | Swamp:3  | Received a gift from Okawaru
 39779 | Swamp:3  | Reached skill level 10 in Armour
 39780 | Swamp:3  | Reached XP level 19. HP: 68/159 MP: 19/19
 40481 | Swamp:4  | Got a decaying rune of Zot
 41022 | Snake:1  | Entered Level 1 of the Snake Pit
 41520 | Snake:1  | Found a sparkling altar of Nemelex Xobeh.
 41646 | Snake:1  | Got a pair of heavily runed gloves
 41657 | Snake:1  | Identified the +2 pair of gloves of Intercession {Int+3} (You found it on level 1 of the Snake Pit)
 42611 | Snake:2  | Noticed Jorgrun
 42622 | Snake:2  | Killed Jorgrun
 42715 | Snake:2  | Noticed Frances
 42728 | Snake:2  | Killed Frances
 43050 | Snake:2  | Noticed Aizul
 43066 | Snake:2  | Killed Aizul
 43685 | Snake:3  | Received a gift from Okawaru
 43760 | Snake:3  | Got an ichor-stained triple sword {god gift}
 43765 | Snake:3  | Identified the +1 triple sword of Yntioj {slice, SInv} (Okawaru gifted it to you on level 3 of the Snake Pit)
 44194 | Snake:3  | Reached skill level 22 in Long Blades
 44802 | Snake:4  | Entered Level 4 of the Snake Pit
 44802 | Snake:4  | Noticed Bai Suzhen
 44819 | Snake:4  | Killed Bai Suzhen
 44849 | Snake:4  | Received a gift from Okawaru
 44871 | Snake:4  | Reached XP level 20. HP: 152/168 MP: 3/20
 45178 | Orc:2    | Bought an uncursed amulet of faith for 440 gold pieces
 46594 | Snake:4  | Received a gift from Okawaru
 46805 | Snake:4  | Got a serpentine rune of Zot
 47020 | Slime:1  | Entered Level 1 of the Pits of Slime
 49740 | Slime:2  | Reached XP level 21. HP: 175/175 MP: 21/21
 49772 | Slime:2  | Received a gift from Okawaru
 50420 | Slime:3  | Gained mutation: You are frail. (-10% HP) [mutagenic glow]
 50708 | Slime:2  | Received a gift from Okawaru
 51142 | Slime:4  | Gained mutation: Potions are less effective at restoring your health. [a shining eye]
 51144 | Slime:4  | Gained mutation: Your system is resistant to poisons. (rPois) [a shining eye]
 51190 | Slime:3  | Gained mutation: You are very frail. (-20% HP) [a shining eye]
 51219 | Slime:2  | Received a gift from Okawaru
 51219 | Slime:2  | Reached skill level 23 in Long Blades
 52797 | Slime:5  | Entered Level 5 of the Pits of Slime
 53425 | Slime:5  | Gained mutation: Your spells are a little easier to cast, but a little less powerful. [a shining eye]
 53426 | Slime:5  | Gained mutation: You are extremely frail. (-30% HP) [a shining eye]
 53487 | Slime:5  | Gained mutation: You are weak. (Str -2) [a shining eye]
 53489 | Slime:5  | Gained mutation: Your body sometimes deteriorates upon taking damage. [a shining eye]
 53687 | Slime:4  | Received a gift from Okawaru
 54188 | Slime:5  | Gained mutation: You are dopey. (Int -2) [a shining eye]
 54190 | Slime:5  | Gained mutation: You are very dopey. (Int -4) [a shining eye]
 54207 | Slime:5  | Lost mutation: You are weak. (Str -2) [potion of mutation]
 54207 | Slime:5  | Lost mutation: You are extremely frail. (-30% HP) [potion of mutation]
 54207 | Slime:5  | Lost mutation: Your spells are a little easier to cast, but a little less powerful. [potion of mutation]
 54207 | Slime:5  | Gained mutation: You have a somewhat thin skeletal structure. (Dex +2, Stealth) [potion of mutation]
 54207 | Slime:5  | Gained mutation: Your spells are a little harder to cast, but a little more powerful. [potion of mutation]
 54207 | Slime:5  | Gained mutation: You have a pair of small horns on your head. [potion of mutation]
 54246 | Slime:5  | Noticed the Royal Jelly
 54448 | Slime:5  | Found a viscous altar of Jiyva.
 54450 | Slime:5  | Found the brooch of Shielding {Reflect SH+8}
 54660 | Slime:5  | Reached XP level 22. HP: 145/147 MP: 22/22
 54865 | Slime:5  | Gained mutation: Your body often deteriorates upon taking damage. [mutagenic glow]
 54913 | Slime:5  | Mangled by an acid blob

Vault maps used:
D:1:      minmay_arrival_checkered_box, fountainhead
D:2:      minitemple, grunt_temple_overflow_magic_moments, lemuel_crystal_altar,
          minmay_misc_feat_alley, minmay_misc_feat_room
D:3:      xom_redecorated
D:4:      nicolae_ru_the_path_less_chosen, old_standard_altar,
          ebering_ghost_disaster_area
D:5:      overflow_temple_1_default, gammafunk_temple_overflow_statue,
          first_ration
D:6:      cheibrodos_steamvent, serial_shops, shop, shop,
          nicolae_shop_behind_doors, nicolae_shop_overgrown_old_shop, shop,
          nemelex_diamond_rough_becter, uniq_sigmund
D:7:      minmay_temple_entry_overgrown
D:8:      kennysheep_mini, uniq_pikel
D:9:      lemuel_mausoleum_altar_yredelemnul, lair_entry_dummy, hex_large
D:10:     kennysheep_orc_monster_closet_entryway, david_nohive_1,
          kennysheep_generic_room_4
D:11:     serial_shops, nicolae_shop_waterfront, grunt_dithmenos_smoke,
          uniq_erica
D:12:     minmay_the_grid_square_5x5_5x5, uniq_gastronok, uniq_snorg,
          uniq_nergalle
D:13:     lab_entry_generic, minmay_stone_trees_medium
D:14:     grunt_vaults_entry_tiered, gammafunk_ghost_mausoleum, serial_shops,
          shop, st_stairs_13
D:15:     grunt_enter_depths_giant_problem, small_statue_alley_a, uniq_kirke,
          uniq_roxanne
Lair:1:   portal_ice_cave_entry_imps, lemuel_fruit_tree
Lair:2:   mu_elephants_graveyard, minmay_swamp_entry_reptiles, basic_altar,
          infiniplex_staircase_pool
Lair:3:   guppyfry_snake_entry_island, beast_lair_carwin_6, uniq_fannar
Lair:4:   wad_woods_01
Lair:5:   cheibrodos_lair_river_kwai, lemuel_fruit_fields
Lair:6:   evilmike_catoblepas_cave, minmay_slime_entry_pillars, minivault_23,
          nicolae_lair_grove_arrangements, bobbens_dragon_lair_wall,
          serial_bayou_shore_b
Swamp:1:  evilmike_swamp_ruin_house_2, swamp_pool2
Swamp:2:  hangedman_swamp_blocks, swamp_pool5
Swamp:3:  evilmike_swamp_ruin_rubble_1, swamp_pool3
Swamp:4:  swamp_alternative
Snake:1:  basic_altar, nrook_guardian_serpent_double
Snake:2:  uniq_aizul, uniq_jorgrun, uniq_frances
Snake:4:  grunt_snake_rune_pools, uniq_bai_suzhen
Slime:4:  cheibrodos_slime_lost_civilization_4
Orc:1:    enter_bailey_2, minmay_orc_barracks, uniq_josephine
Orc:2:    grunt_orc_gardens, grunt_orc_garden, grunt_orc_garden,
          grunt_orc_garden, grunt_orc_garden
Lab:      nicolae_lab_checkerboard, labyrinth_lava_lair, nicolae_lab_big_swirl,
          nicolae_lab_flowing_pool
Bailey:   bailey_polearm_1, bailey
IceCv:    ice_cave_small_demon

Skill      XL: |  1  2  3  4  5  6  7  8  9 10 11 12 13 14 15 16 17 18 19 20 21 |
---------------+----------------------------------------------------------------+-----
Long Blades    | 4 5 6 7 9 11 12 13 14 16 17 19 20 21 22 23 | 23.4
Fighting       | 3 4 5 6 7 9 11 12 13 14 15 16 17 18 | 18.0
Armour         | 2 4 7 8 10 11 12 | 12.7
Dodging        | 5 7 8 9 10 11 12 13 | 13.1
Charms         | 2 5 7 8 9 |  9.7
Throwing       | |  2.0

Action                   |  1- 3 |  4- 6 |  7- 9 | 10-12 | 13-15 | 16-18 | 19-21 | 22-24 || total
-------------------------+-------+-------+-------+-------+-------+-------+-------+-------++-------
Melee: Long sword        |    78 |   184 |   330 |   649 |   145 |    16 |       |       ||  1402
       Dagger            |       |    66 |       |       |       |       |       |       ||    66
       Punch             |       |       |       |     1 |     1 |       |       |       ||     2
       Triple sword      |       |       |       |       |   839 |   325 |       |    10 ||  1174
       Scimitar          |       |       |       |       |    13 |       |       |       ||    13
       Great sword       |       |       |       |       |       |  1179 |  1685 |    16 ||  2880
       Falchion          |       |       |       |       |       |   249 |       |       ||   249
       Headbutt          |       |       |       |       |       |       |    14 |    15 ||    29
Invok: Heroism           |       |     1 |       |     5 |    11 |     7 |     4 |       ||    28
       Finesse           |       |       |       |     1 |     5 |     1 |     2 |       ||     9
Evoke: Wand              |       |       |       |     6 |    28 |     4 |     2 |     7 ||    47
       Phantom mirror    |       |       |       |       |     2 |       |       |       ||     2
  Use: Potion            |       |     4 |     7 |     6 |    10 |     4 |     5 |     3 ||    39
       Scroll            |       |     4 |     7 |     7 |    26 |    10 |    13 |    10 ||    77
 Stab: Sleeping          |     2 |       |     1 |       |       |       |       |       ||     3
       Invisible         |       |       |       |     1 |       |       |       |       ||     1
       Distracted        |       |       |       |       |     1 |       |       |       ||     1
       Petrified         |       |       |       |       |       |     5 |       |       ||     5
  Eat: Chunk             |     1 |    10 |     9 |    19 |    24 |    31 |     5 |       ||    99
       Ration            |       |       |       |     1 |     5 |     9 |    17 |       ||    32
Armor: Leather armour    |    17 |    17 |       |       |       |       |       |       ||    34
       Ring mail         |       |    58 |    65 |       |       |       |       |       ||   123
       Skin              |       |       |    12 |       |       |       |       |       ||    12
       Plate armour      |       |       |    44 |   390 |    69 |    33 |       |       ||   536
       Crystal plate arm |       |       |       |       |   660 |  1580 |  1504 |    45 ||  3789
Dodge: Dodged            |    52 |   162 |   162 |   250 |   443 |   828 |   810 |    23 ||  2730
Block: Other             |       |       |       |       |   169 |   310 |    87 |       ||   566
       Reflection        |       |       |       |       |    11 |     5 |     7 |       ||    23
       Rpst.: Long sword |    16 |    46 |    42 |    66 |     8 |     2 |       |       ||   180
       Triple sword      |       |       |       |       |   110 |    56 |       |     2 ||   168
       Falchion          |       |       |       |       |       |    24 |       |       ||    24
       Great sword       |       |       |       |       |       |   124 |   174 |     2 ||   300

Table legend:
 A = Spawn XP
 B = Non-spawn XP
 C = Spawn XP percentage of total XP
 D = Spawn monster count
 E = Non-spawn monster count
 F = Spawn count percentage of total count
 G = Total turns spent on level
                    A         B        C        D         E        F      G
               +---------+---------+-------+---------+---------+-------+---------
         Total |       0 |  504320 |   0.0 |       0 |    1473 |   0.0 | 54913
               +---------+---------+-------+---------+---------+-------+---------
           D:1 |       0 |      54 |   0.0 |       0 |      32 |   0.0 |  1193
           D:2 |       0 |      84 |   0.0 |       0 |      26 |   0.0 |  1253
           D:3 |       0 |      82 |   0.0 |       0 |      20 |   0.0 |  1009
           D:4 |       0 |     183 |   0.0 |       0 |      15 |   0.0 |   678
           D:5 |       0 |    1315 |   0.0 |       0 |      29 |   0.0 |  1281
           D:6 |       0 |     732 |   0.0 |       0 |      12 |   0.0 |   892
           D:7 |       0 |     650 |   0.0 |       0 |      12 |   0.0 |   498
           D:8 |       0 |    1752 |   0.0 |       0 |      22 |   0.0 |   959
           D:9 |       0 |    4436 |   0.0 |       0 |      40 |   0.0 |  1398
          D:10 |       0 |    6641 |   0.0 |       0 |      59 |   0.0 |  1756
          D:11 |       0 |    6333 |   0.0 |       0 |      29 |   0.0 |  1587
          D:12 |       0 |   27997 |   0.0 |       0 |      70 |   0.0 |  3119
          D:13 |       0 |   10050 |   0.0 |       0 |      54 |   0.0 |  1123
          D:14 |       0 |   14198 |   0.0 |       0 |      68 |   0.0 |  2296
          D:15 |       0 |   18287 |   0.0 |       0 |      47 |   0.0 |  1896
        Lair:1 |       0 |    3320 |   0.0 |       0 |      27 |   0.0 |  1224
        Lair:2 |       0 |   11928 |   0.0 |       0 |      41 |   0.0 |  1234
        Lair:3 |       0 |    8237 |   0.0 |       0 |      36 |   0.0 |  1339
        Lair:4 |       0 |    9022 |   0.0 |       0 |      25 |   0.0 |  1204
        Lair:5 |       0 |   14255 |   0.0 |       0 |      38 |   0.0 |  2231
        Lair:6 |       0 |   61059 |   0.0 |       0 |     120 |   0.0 |  4168
       Swamp:1 |       0 |   14114 |   0.0 |       0 |      30 |   0.0 |  1153
       Swamp:2 |       0 |   13426 |   0.0 |       0 |      24 |   0.0 |  1533
       Swamp:3 |       0 |   30351 |   0.0 |       0 |      56 |   0.0 |  2472
       Swamp:4 |       0 |    9524 |   0.0 |       0 |      22 |   0.0 |   933
       Snake:1 |       0 |   11843 |   0.0 |       0 |      24 |   0.0 |  1222
       Snake:2 |       0 |   12915 |   0.0 |       0 |      15 |   0.0 |  1440
       Snake:3 |       0 |   26811 |   0.0 |       0 |      50 |   0.0 |  1404
       Snake:4 |       0 |   58450 |   0.0 |       0 |      78 |   0.0 |  1466
       Slime:1 |       0 |   10228 |   0.0 |       0 |      20 |   0.0 |   638
       Slime:2 |       0 |   23381 |   0.0 |       0 |      39 |   0.0 |  1124
       Slime:3 |       0 |   10665 |   0.0 |       0 |      29 |   0.0 |  1039
       Slime:4 |       0 |   28448 |   0.0 |       0 |      57 |   0.0 |  1950
       Slime:5 |       0 |   27996 |   0.0 |       0 |      37 |   0.0 |  1079
         Orc:1 |       0 |    5816 |   0.0 |       0 |      70 |   0.0 |  1416
         Orc:2 |       0 |   10425 |   0.0 |       0 |      54 |   0.0 |  1313
           Lab |       0 |    2894 |   0.0 |       0 |       7 |   0.0 |  1133
        Bailey |       0 |     815 |   0.0 |       0 |      13 |   0.0 |   365
         IceCv |       0 |    5603 |   0.0 |       0 |      26 |   0.0 |   895
               +---------+---------+-------+---------+---------+-------+---------
